 Dungeon Crawl Stone Soup version 0.31-a0-1005-gfbdfbacc72 (webtiles) character file.

Game seed: 11805038155191752725

113 BinkBink the Shield-Bearer (level 4, -1/41 HPs)
             Began as a Minotaur Fighter on Nov 11, 2023.
             Blown up by Ijyb (17 damage)
             ... with a mindburst bolt
             ... on level 3 of the Dungeon.
             The game lasted 00:02:07 (2273 turns).

BinkBink the Shield-Bearer (Minotaur Fighter)       Turns: 2273, Time: 00:02:08

Health: -1/41      AC: 10    Str: 21    XL:     4   Next: 65%
Magic:  0/3        EV:  7    Int:  5    God:
Gold:   148        SH:  8    Dex: 11    Spells: 3/3 levels left

rFire   . . .        t - +2 hand axe (elec)
rCold   . . .        k - +0 kite shield
rNeg    . . .        f - +0 chain mail
rPois   .            (helmet restricted)
rElec   .            m - +0 cloak
rCorr   .            (no gloves)
SInv    .            (no boots)
Will    .....        r - amulet of guardian spirit Stlth
                     (no ring)
HPRegen 0.26/turn    (no ring)
MPRegen 0.08/turn

%: guardian spirit
@: no status effects
A: horns 2, retaliatory headbutt
a: no special abilities


You were on level 3 of the Dungeon.
You visited 1 branch of the dungeon, and saw 3 of its levels.

You collected 148 gold pieces.

Inventory:

Hand Weapons
 t - a +2 hand axe of electrocution (weapon)
Armour
 f - a +0 chain mail (worn)
 k - a +0 kite shield (worn)
 m - a +0 cloak (worn)
Jewellery
 r - an amulet of guardian spirit (around neck)
Wands
 l - a wand of mindburst (12)
Scrolls
 c - 3 scrolls of identify {unknown}
 g - 2 scrolls of amnesia {unknown}
 j - a scroll of enchant weapon {unknown}
 n - 2 scrolls of poison {unknown}
 o - a scroll of revelation {unknown}
 q - a scroll of blinking {unknown}
Potions
 b - a potion of haste {unknown}
 d - 2 potions of might
 e - 2 potions of lignification {unknown}
 h - 2 potions of cancellation {unknown}
 i - a potion of curing {unknown}
 p - 2 potions of ambrosia {unknown}
 s - a potion of degeneration {unknown}


   Skills:
 + Level 4.5 Fighting
 + Level 3.7 Axes
 + Level 4.5 Armour
 + Level 4.5 Shields


You had 3 spell levels left.
You didn't know any spells.
Your spell library was empty.

Dungeon Overview and Level Annotations

Branches:
Dungeon (3/15)

Altars:
Ashenzari

Annotations:
D:3 Ijyb


Innate Abilities, Weirdness & Mutations

You have a pair of horns on your head.
You reflexively headbutt those who attack you in melee.


Message History

A dart slug comes into view.
You closely miss Ijyb. You headbutt Ijyb!
Ijyb is moderately wounded.
Ijyb zaps a wand.
Your mind is blasted!
The adder barely misses you.
You hit Ijyb.
Ijyb is moderately wounded.
You miss the adder. The adder bites you. Ijyb hits you but does no damage.
You closely miss Ijyb.
Ijyb is moderately wounded.
You barely miss the adder. The adder bites you.
Ijyb hits you but does no damage. You block the adder's attack.
You are too injured to fight recklessly!
You closely miss Ijyb.
Ijyb is moderately wounded.
You hit the adder but do no damage. You block the adder's attack.
Ijyb hits you with a +0 club. x2; The adder bites you but does no damage.
You closely miss Ijyb.
Ijyb is moderately wounded.
You miss the adder. You hit the dart slug. The adder barely misses you.
You furiously retaliate!
You headbutt the adder. Ijyb hits you but does no damage.
The dart slug bites you but does no damage.
You hit Ijyb but do no damage. Your headbutt misses Ijyb.
Ijyb is moderately wounded.
You miss the adder. You hit the dart slug. You block the adder's attack.
Ijyb zaps a wand.
You barely resist. The adder bites you but does no damage.
The dart slug launches a dart at you.
The slug dart hits you but does no damage.
You hit Ijyb but do no damage.
Ijyb is moderately wounded.
You hit the adder. You hit the dart slug.
Lightning courses through the dart slug!!
You kill the dart slug!
You block the adder's attack. Ijyb hits you with a +0 club.
You hit Ijyb. Your headbutt misses Ijyb.
Ijyb is moderately wounded.
You closely miss the adder. The adder barely misses you.
Ijyb hits you but does no damage. You block the adder's attack.
Ijyb zaps a wand.
Your mind is blasted!
You die...

#.#### ....
#..)###.####..#
..# #
####)####.......#
#.#
#.....).#......##
#.##.)....<#####
#.##..#.##.# .
#.##..#.# ..
...#####.###.#.#
..
......S..###.#.#
......g@.......#
......†.####.###
...###### #.# .
##.## #...##
#....# #....#
####.########
#.#......#


You could see Ijyb and an adder.

Vanquished Creatures
  An orc wizard (D:3)
  2 adders
  A worm (D:2)
  4 dart slugs
  8 orcs (D:3)
  3 ball pythons (D:1)
  3 endoplasms
  3 giant cockroaches
  3 goblins
  3 hobgoblins
  3 jackals (D:1)
  5 bats
  4 frilled lizards
  4 kobolds
  7 rats
54 creatures vanquished.

Notes
Turn   | Place    | Note
-------+----------+-------------------------------------------
     0 | D:1      | BinkBink the Minotaur Fighter began the quest for the Orb.
     0 | D:1      | Reached XP level 1. HP: 19/19 MP: 0/0
   160 | D:1      | Reached XP level 2. HP: 22/27 MP: 1/1
   791 | D:1      | Reached XP level 3. HP: 33/33 MP: 2/2
  1409 | D:2      | Found a faded altar of an unknown god.
  2096 | D:3      | Reached XP level 4. HP: 40/40 MP: 3/3
  2215 | D:3      | Found a broken altar of Ashenzari.
  2262 | D:3      | Noticed Ijyb
  2273 | D:3      | Blown up by Ijyb

Illustrated notes

Levels and vault maps discovered:
D:1:      matt_arrival_debris, layout_basic, chequers_serial_rivers_large_a,
          minmay_small_reverse_x
D:2:      layout_basic, shapermc_ecumenical_altar_venn, serial_corexii_hall,
          corexii_hall_statues_t, corexii_hall_statues_u, minmay_pentomino_pile
D:3:      layout_loops_cross, ashenzari_conservatory_becter, uniq_ijyb

Skill      XL: |  1  2 |
---------------+-------+-----
Shields        | 4 |  4.5
Fighting       | 4 |  4.5
Axes           | 3 |  3.7
Armour         | 4 |  4.5

Action                     |  1- 3 |  4- 6 || total
---------------------------+-------+-------++-------
  Melee: War axe           |    93 |    10 ||   103
         Headbutt          |     9 |     3 ||    12
         Hand axe          |       |    17 ||    17
 Armour: Chain mail        |    68 |    26 ||    94
         Scale mail        |     1 |       ||     1
  Dodge: Dodged            |    24 |    10 ||    34
  Block: Buckler           |    12 |       ||    12
         Kite shield       |    18 |    13 ||    31

Table legend: (Time is in decaauts)
 A = Elapsed time spent in this place.
 B = Non-inter-level travel time spent in this place.
 C = Inter-level travel time spent in this place.
 D = Time resting spent in this place.
 E = Time spent auto-exploring this place.
 F = Levels seen in this place.
 G = Mean time per level.
                   A        B        C        D        E       F      G
               +--------+--------+--------+--------+--------+-----+--------+
         Total |   2326 |   2226 |    100 |      0 |   1858 |   3 |  775.3 |
       Dungeon |   2326 |   2226 |    100 |      0 |   1858 |   3 |  775.3 |
               +--------+--------+--------+--------+--------+-----+--------+

Top non-repeatable levels by time:
     D:1: 1169 daAuts
     D:2: 927 daAuts
     D:3: 229 daAuts
